 Dungeon Crawl Stone Soup version 0.30.1-4-g462c640d31 (webtiles) character file.

Game seed: 10642283263523438885

614590 nocturnal the Hand of Fortune (level 26, -3/229 HPs)
             Began as a Demonspawn Gladiator on Sept 9, 2023.
             Was the Champion of Nemelex Xobeh.
             Constricted to death by a tentacled monstrosity (9 damage)
             ... summoned by a shadow demon
             ... on level 5 of the Realm of Zot on Sept 15, 2023.
             The game lasted 06:53:31 (72852 turns).

nocturnal the Hand of Fortune (DsGl)               Turns: 72852, Time: 06:53:32

Health: -3/229     AC: 30    Str: 17    XL:     26   Next: 86%
Magic:  0/38       EV: 18    Int: 13    God:    Nemelex Xobeh [******]
Gold:   3003       SH: 27    Dex: 20    Spells: 23/25 levels left

rFire   + + .        Q - +8 demon blade "Leech" {evervamp, Harm Drain rN+}
rCold   + + .        P - +0 kite shield
rNeg    + + +        c - +8 pearl dragon scales
rPois   +            p - +2 helmet {SInv}
rElec   +            b - scarf {rC+ rF+}
rCorr   .            Z - +2 pair of gloves
SInv    +            (boots unavailable)
Will    +++..        K - amulet of Immorality {Reflect Will++ Dex-2 SH+5}
Stlth   +            n - ring "Avaqen" {rPois rN+ AC+4 Int+3}
HPRegen 0.58/turn    y - ring "Ysosmuc" {+Blink rElec rF+ rC+}
MPRegen 0.52/turn

%: harm (+30% outgoing, +20% incoming), reflection, guardian spirit
@: corroded, constricted, studying 5 skills
A: hooves 3, large bone plates 3, powered by death 3, augmentation 3, magic
shield, magic regeneration, magic link, dopey 1
0: Orb of Zot
}: 3/15 runes: serpentine, barnacled, silver
a: Renounce Religion, Evoke Blink, Draw Escape, Draw Destruction, Draw
Summoning, Draw Stack, Triple Draw, Deal Four, Stack Five


You were on level 5 of the Realm of Zot.
You worshipped Nemelex Xobeh.
Nemelex Xobeh was exalted by your worship.
You visited 11 branches of the dungeon, and saw 49 of its levels.
You also visited: Bailey.

You collected 10045 gold pieces.
You spent 7042 gold pieces at shops.

Inventory:

Hand Weapons
 o - a +9 demon blade of electrocution
 Q - the +8 demon blade "Leech" (weapon) {evervamp, Harm Drain rN+}
   (You took it off a deep elf pyromancer on level 12 of the Dungeon)

   rN:        It protects you from negative energy.
   Drain:     It drains your maximum health when unequipped.
   Harm:      It increases damage dealt and taken.
Missiles
 e - 23 javelins
 i - 8 silver boomerangs
 j - 18 curare-tipped darts
 G - 75 boomerangs
 V - 3 boomerangs of dispersal
 W - 7 throwing nets
 Y - 9 silver javelins (quivered)
Armour
 b - a scarf of resistance (worn)
 c - +8 pearl dragon scales (worn)
 p - a +2 helmet of see invisible (worn)
 P - a +0 kite shield (worn)
 Z - a +2 pair of gloves (worn)
Jewellery
 a - a ring of flight
 n - the ring "Avaqen" (left hand) {rPois rN+ AC+4 Int+3}
   (You found it on level 2 of the Lair of Beasts)

   [ring of protection]

   AC:        It affects your AC (+4).
   Int:       It affects your intelligence (+3).
   rPois:     It protects you from poison.
   rN:        It protects you from negative energy.
 y - the ring "Ysosmuc" (right hand) {+Blink rElec rF+ rC+}
   (You found it on level 3 of the Depths)

   [ring of protection from fire]

   rF:        It protects you from fire.
   rC:        It protects you from cold.
   rElec:     It insulates you from electricity.
   +Blink:    It lets you blink.
 K - the amulet of Immorality (around neck) {Reflect Will++ Dex-2 SH+5}
   (You acquired it on level 12 of the Dungeon)

   [amulet of reflection]

   It reflects blocked missile attacks.
   Dex:       It affects your dexterity (-2).
   SH:        It affects your SH (+5).
   Will:      It greatly increases your willpower.
 O - the ring of the Mauling Queen {Contam rPois Will++ rCorr SInv}
   (You found it on level 1 of the Realm of Zot)

   [ring of resist corrosion]

   rPois:     It protects you from poison.
   SInv:      It lets you see invisible.
   Contam:    It causes magical contamination when unequipped.
   rCorr:     It protects you from acid and corrosion.
   Will:      It greatly increases your willpower.
Wands
 k - a wand of polymorph (28)
 v - a wand of mindburst (39)
 C - a wand of iceblast (55)
 H - a wand of light (24)
 L - a wand of paralysis (66)
 M - a wand of digging (17)
Scrolls
 h - 13 scrolls of teleportation
 l - 2 scrolls of poison
 m - 5 scrolls of blinking
 r - 11 scrolls of immolation
 B - 7 scrolls of fog
 D - 2 scrolls of silence
 E - 7 scrolls of vulnerability
 J - a scroll of fear
 X - a scroll of butterflies
Potions
 d - a potion of cancellation
 g - 6 potions of might
 q - 10 potions of haste
 t - 8 potions of mutation
 u - 6 potions of heal wounds
 x - 6 potions of flight
 z - a potion of resistance
 A - 9 potions of lignification
 F - 20 potions of curing
 I - 4 potions of invisibility
 R - 11 potions of attraction
 S - 4 potions of berserk rage
 T - 10 potions of ambrosia
 U - 2 potions of magic
Miscellaneous
 f - a phantom mirror
 s - a condenser vane
 w - a lightning rod (4/4)
 N - a phial of floods


   Skills:
 + Level 23.5 Fighting
 - Level 14.0 Long Blades
 - Level 16.0 Throwing
 - Level 20.0 Armour
 - Level 20.0 Dodging
 - Level 9.0 Stealth
 - Level 14.0 Shields
 - Level 6.6 Earth Magic
 + Level 23.8 Invocations
 - Level 14.0 Evocations


You had 23 spell levels left.
You knew the following spells:

 Your Spells              Type           Power      Damage    Failure   Level
a - Passwall              Tmut/Erth      6%         N/A       43%         2

Your spell library contained the following spells:

 Spells                   Type           Power      Damage    Failure   Level
 Sandblast                Erth           34%        2d9       9%          1
 Stone Arrow              Conj/Erth      16%        3d8       67%         3
 Beastly Appendage        Tmut           0%         N/A       77%         1
 Foxfire                  Conj/Fire      0%         2x1d4     77%         1
 Freeze                   Ice            0%         1d3       77%         1
 Kiss of Death            Conj/Necr      0%         2d5       77%         1
 Magic Dart               Conj           0%         1d3       77%         1
 Necrotise                Necr           0%         1d4       77%         1
 Shock                    Conj/Air       0%         1d3       77%         1
 Slow                     Hex            0%         N/A       77%         1
 Sting                    Tmut/Pois      0%         1d3       77%         1
 Summon Small Mammal      Summ           0%         N/A       77%         1
 Blink                    Tloc           0%         N/A       88%         2
 Call Imp                 Summ           0%         N/A       88%         2
 Cigotuvi's Dreadful Rot  Necr/Pois/Air  0%         N/A       88%         2
 Ensorcelled Hibernation  Hex/Ice        0%         N/A       88%         2
 Lesser Beckoning         Tloc           0%         N/A       88%         2
 Poisonous Vapours        Pois/Air       0%         N/A       88%         2
 Scorch                   Fire           0%         2d5       88%         2
 Searing Ray              Conj           0%         2d4       88%         2
 Sublimation of Blood     Necr           0%         N/A       88%         2
 Wereblood                Tmut           0%         N/A       88%         2
 Lee's Rapid Deconstruct  Erth           8%         3d7*      92%         5
 Leda's Liquefaction      Hex/Erth       4%         N/A       97%         4
 Petrify                  Tmut/Erth      8%         N/A       97%         4
 Call Canine Familiar     Summ           0%         N/A       98%         3
 Confusing Touch          Hex            0%         N/A       98%         3
 Dazzling Flash           Conj/Hex       0%         N/A       98%         3
 Gell's Gravitas          Tloc           0%         N/A       98%         3
 Hailstorm                Conj/Ice       0%         3d3       98%         3
 Ignite Poison            Fire/Tmut/Pois 0%         N/A       98%         3
 Inner Flame              Hex/Fire       0%         N/A       98%         3
 Mephitic Cloud           Conj/Pois/Air  0%         N/A       98%         3
 Ozocubu's Armour         Ice            0%         N/A       98%         3
 Portal Projectile        Hex/Tloc       0%         N/A       98%         3
 Spider Form              Tmut/Pois      0%         N/A       98%         3
 Summon Guardian Golem    Hex/Summ       0%         N/A       98%         3
 Swiftness                Air            0%         N/A       98%         3
 Teleport Other           Tloc           0%         N/A       98%         3
 Tukima's Dance           Hex            0%         N/A       98%         3
 Vampiric Draining        Necr           0%         2d6       98%         3
 Vhi's Electric Charge    Tloc/Air       0%         N/A       98%         3
 Volatile Blastmotes      Fire/Tloc      0%         2d10      98%         3
 Airstrike                Air            0%         2d(0-16)  100%        4
 Anguish                  Hex/Necr       0%         N/A       100%        4
 Dispel Undead            Necr           0%         3d6       100%        4
 Flame Wave               Conj/Fire      0%         2d4       100%        4
 Fulminant Prism          Conj/Hex       0%         3d5       100%        4
 Ice Form                 Ice/Tmut       0%         N/A       100%        4
 Iskenderun's Mystic Bla  Conj/Tloc      0%         2d3       100%        4
 Manifold Assault         Tloc           0%         N/A       100%        4
 Olgreb's Toxic Radiance  Pois           0%         N/A       100%        4
 Sticky Flame             Conj/Fire      0%         2d3       100%        4
 Summon Ice Beast         Ice/Summ       0%         N/A       100%        4
 Agony                    Necr           0%         N/A       100%        5
 Alistair's Intoxication  Tmut/Pois      0%         N/A       100%        5
 Arcjolt                  Conj/Air       0%         1d10      100%        5
 Blade Hands              Tmut           0%         N/A       100%        5
 Borgnjor's Vile Clutch   Necr/Erth      4%         N/A       100%        5
 Fireball                 Conj/Fire      0%         3d3       100%        5
 Freezing Cloud           Conj/Ice/Air   0%         6-21      100%        5
 Irradiate                Conj/Tmut      0%         3d11      100%        5
 Iskenderun's Battlesphe  Conj           0%         2d6       100%        5
 Metabolic Englaciation   Hex/Ice        0%         N/A       100%        5
 Silence                  Hex/Air        0%         N/A       100%        5
 Summon Mana Viper        Hex/Summ       0%         N/A       100%        5
 Yara's Violent Unravell  Hex/Tmut       0%         3d3       100%        5
 Conjure Ball Lightning   Conj/Air       0%         3x3d6     100%        6
 Death Channel            Necr           0%         N/A       100%        6
 Dispersal                Tloc           0%         N/A       100%        6
 Eringya's Noxious Bog    Tmut/Pois      0%         N/A       100%        6
 Plasma Beam              Fire/Air       0%         2x1d11    100%        6
 Simulacrum               Ice/Necr       0%         N/A       100%        6
 Starburst                Conj/Fire      0%         6d3       100%        6
 Statue Form              Tmut/Erth      5%         N/A       100%        6
 Enfeeble                 Hex            0%         N/A       100%        7
 Malign Gateway           Summ/Tloc      0%         N/A       100%        7
 Monstrous Menagerie      Summ           0%         N/A       100%        7
 Orb of Destruction       Conj           0%         9d5       100%        7
 Ozocubu's Refrigeration  Ice            0%         4d7       100%        7
 Spellforged Servitor     Conj/Summ      0%         N/A       100%        7
 Storm Form               Tmut/Air       0%         N/A       100%        7
 Discord                  Hex            0%         N/A       100%        8
 Disjunction              Tloc           0%         N/A       100%        8
 Ignition                 Fire           0%         3d3       100%        8
 Summon Horrible Things   Summ           0%         N/A       100%        8
 Polar Vortex             Ice            0%         N/A       100%        9


Dungeon Overview and Level Annotations

Branches:
Dungeon (15/15)            Temple (1/1) D:7            Lair (5/5) D:11
 Shoals (4/4) Lair:2        Snake (4/4) Lair:3        Slime (0/5) Lair:5
    Orc (2/2) D:9             Elf (3/3) Orc:2        Vaults (5/5) D:13
  Crypt (1/3) Vaults:3     Depths (4/4) D:15            Zot (5/5) Depths:4
 Bailey (visited)

Altars:
Ashenzari
Cheibriados
Dithmenos
Fedhas
Gozag
Hepliaklqana
Kikubaaqudgha
Makhleb
Nemelex Xobeh
Okawaru
Qazlal
Ru
Sif Muna
Trog
Uskayaw
Vehumet
Wu Jian
Xom
Yredelemnul
Jiyva

Shops:
D:10 ?   Orc:1 (   Orc:2 !!![:   Elf:3 [*==   Shoals:2 (   Vaults:1 =*![
Vaults:4 =

Portals:
Hell: Depths:1 Depths:2 Depths:3 Depths:4
Abyss: Orc:1 Depths:3
Pandemonium: Depths:2
Ziggurat: Depths:3

Annotations:
Shoals:3 2 transporters, exclusion: orange crystal statue
Vaults:1 2 transporters, exclusion: 2 orange crystal statues, Kipt's ghost, adept SpFE; Moagi's ghost, adept GnSk
Vaults:5 !VAULT 5


Innate Abilities, Weirdness & Mutations

You have hooves in place of feet.
You are completely covered in large bone plates. (SH +8)
You regenerate a lot of health from kills.
Your magical and physical power is greatly enhanced at high health.
When hurt, damage is shared between your health and your magic reserves.
You regenerate magic rapidly.
When low on magic, you restore magic in place of health.
You are dopey. (Int -2)


Message History

Wawe is almost dead.
The bolt of acid hits the lich!!
The lich seems to be corroded for longer.
The lich is heavily damaged.
Wawe hits you but does no damage.
The demonspawn corrupter calls forth creatures from the Abyss!
The tentacled monstrosity tentacle-slaps you.
The tentacled monstrosity completely misses you.
You block the tentacled monstrosity's attack.
The tentacled monstrosity constricts you.
You hit Wawe but do no damage. You kick Wawe, but do no damage.
Wawe is almost dead.
You block Wawe's attack.
The demonspawn corrupter closely misses you.
The tentacled monstrosity closely misses you.
You block the tentacled monstrosity's attack.
The tentacled monstrosity tentacle-slaps you but does no damage.
The tentacled monstrosity constricts you.
* * * LOW HITPOINT WARNING * * *
You hit Wawe but do no damage. Your kick misses Wawe.
Wawe is almost dead.
You block Wawe's attack.
Unknown command.
Unknown command.
You hit Wawe but do no damage. You kick Wawe, but do no damage.
Wawe is almost dead.
Wawe hits you but does no damage.
You block the demonspawn corrupter's attack.
The hellion gestures at you.
The sphere of damnation explodes!
The damnation engulfs you!!
* * * LOW HITPOINT WARNING * * *
The damnation engulfs Wawe!!
The damnation engulfs the tentacled monstrosity.
The tentacled monstrosity tentacle-slaps you!
* * * LOW HITPOINT WARNING * * *
You block the tentacled monstrosity's attack.
The tentacled monstrosity tentacle-slaps you but does no damage.
The tentacled monstrosity constricts you!
You die...
Your body glows with a rainbow of weird colours and disappears.

# ##..............## *
##................##
##................^.##
#.............^......#
#....................#
#......^.............#
#..^........§..§.§...# #
#...^.......2###§§...#
###.........L§L&@X2§...#
.###..........6###§§..##
)..##)........§..§...##
#...................##
#▓▓▓▓▓▓▓▓▓▓▓##^....▓▓
▓▓▓▓......^..§.....▓▓
#▓....^.....^........▓▓
......................▓▓
^......................▓


You could see Wawe (invisible), a tentacled monstrosity (summoned), a demonspawn
corrupter (corroded), a lich (fast, invisible, corroded), a shadow demon and a
hellion (summoned, corroded).

Vanquished Creatures
  6 dread liches
  2 orbs of fire
  2 ancient liches
  4 Killer Klowns
  Saint Roka (Depths:4)
  2 curse toes (Zot:4)
  9 caustic shrikes
  6 golden dragons
  Nikola (Snake:4)
  A doom hound (Depths:4)
  Jorgrun (Elf:1)
  2 electric golems
  25 Orb Guardians (Zot:5)
  20 tentacled monstrosities
  3 liches
  5 quicksilver dragons
  Grunn (Depths:4)
  3 deep elf blademasters
  An acid blob (Zot:5)
  Gastronok (Lair:3)
  9 titans
  A kraken (Shoals:2)
  11 sphinxes
  8 death cobs
  13 shadow dragons
  6 tengu reavers
  A revenant (Crypt:1)
  Donald (Shoals:4)
  A fenstrider witch (Shoals:1)
  10 draconian monks
  15 storm dragons
  3 nagarajas
  4 draconian knights
  8 fire giants
  7 draconian scorchers
  An azure jelly (Zot:4)
  6 deep elf sorcerers
  9 frost giants
  16 vault wardens
  5 draconian shifters
  4 orc warlords
  3 curse skulls
  A broodmother (Elf:3)
  2 iron dragons
  9 draconian stormcallers
  5 ghost moths
  3 ghouls (Crypt:1)
  15 ironbound preservers
  2 draconian annihilators
  6 deep elf elementalists
  A war gargoyle (Vaults:5)
  A quicksilver ooze (Zot:4)
  11 ironbound thunderhulks
  43 very ugly things
  7 vampire knights
  10 deep elf demonologists
  22 stone giants
  9 green draconians
  14 yellow draconians
  10 black draconians
  A spark wasp (Depths:2)
  11 white draconians
  15 red draconians
  12 deep elf annihilators
  12 dire elephants
  A minotaur (Elf:2)
  16 purple draconians
  2 crystal guardians (Vaults:3)
  6 merfolk javelineers
  10 merfolk impalers
  5 deep elf death magi
  10 ettins
  3 jiangshi (Depths:2)
  5 deep elf high priests
  The ghost of sand the Cleaver, a journeyman HOFi of Nemelex Xobeh (Orc:1)
  7 fire dragons
  Harold (D:11)
  14 yaktaur captains
  29 vault guards
  2 entropy weavers
  3 ice dragons
  3 peacekeepers
  8 great orbs of eyes
  7 ironbound frosthearts
  2 rakshasas (Depths:2)
  A hell beast (Depths:1)
  4 hydras
  The ghost of Jerry the Covert, a journeyman VSFi of Uskayaw (Lair:2)
  4 boulder beetles
  5 salamander tyrants
  4 tengu warriors
  3 ogre magi
  2 merfolk avatars
  A catoblepas (Lair:5)
  12 anacondas
  13 centaur warriors
  A catoblepas (shapeshifter) (Orc:1)
  7 two-headed ogres
  2 merfolk aquamancers (Shoals:4)
  A satyr (Shoals:2)
  15 death yaks
  8 deep troll shamans
  4 vampire magi
  10 deep troll earth magi
  12 naga warriors
  9 shock serpents
  21 dancing weapons
  6 orc high priests
  4 spriggan berserkers
  A storm dragon zombie (D:15)
  Sonja (Lair:3)
  2 soul eaters (Depths:3)
  17 naga sharpshooters
  A sun demon (Depths:2)
  2 hell knights
  3 salamander mystics
  A shadow wraith (Crypt:1)
  Amaemon (D:9)
  19 skeletal warriors
  13 deep elf knights
  An anaconda zombie (Crypt:1)
  A fire crab (Lair:3)
  7 iron trolls
  2 skysharks
  53 deep trolls
  3 large abominations (Orc:1)
  6 sea snakes
  An orb spider (shapeshifter) (Elf:1)
  A glowing orange brain (shapeshifter) (Vaults:4)
  A glowing orange brain (Depths:4)
  A golden dragon skeleton (D:15)
  A shadow dragon zombie (D:15)
  15 deep elf archers
  8 lindwurms
  17 ironbound convokers
  4 naga ritualists
  A steelbarb worm (Elf:3)
  16 mana vipers
  7 harpies
  20 orc knights
  5 phantasmal warriors
  7 necromancers
  6 orc sorcerers
  5 wizards
  7 fauns
  46 ugly things
  7 oklob plants
  2 shadow dragon skeletons
  8 cyclopes
  A wolf spider (Lair:3)
  36 deep elf zephyrmancers
  33 deep elf pyromancers
  A frost giant zombie (D:15)
  An elephant (Snake:1)
  5 manticores
  11 salamanders
  31 moths of wrath
  7 guardian serpents
  7 naga magi
  Joseph (D:7)
  An orange demon (D:9)
  A fire giant skeleton (Vaults:4)
  A merfolk siren (Shoals:2)
  13 water nymphs
  22 vault sentinels
  39 black mambas
  Psyche (D:8)
  14 cane toads
  3 gargoyles
  A rime drake (Lair:3)
  2 kobold demonologists
  A hellion (Zot:5)
  An iron troll zombie (Crypt:1)
  6 komodo dragons
  A komodo dragon (shapeshifter) (Depths:4)
  An orb spider zombie (Crypt:1)
  2 torpor snails
  A yaktaur (shapeshifter) (D:15)
  31 yaktaurs
  An unseen horror skeleton (Crypt:1)
  4 tengu conjurers
  3 freezing wraiths
  An ancient zyme (Orc:1)
  An anaconda simulacrum (Crypt:1)
  2 polar bears
  2 guardian mummies (Vaults:3)
  A red devil (Depths:2)
  A shadow dragon simulacrum (Crypt:1)
  9 trolls
  A silent spectre (Depths:3)
  2 queen bees
  19 merfolk
  A hellwing (Depths:1)
  4 meliai
  A wind drake (shapeshifter) (Elf:3)
  A harpy skeleton (Crypt:1)
  A harpy zombie (Crypt:1)
  A tarantella (Vaults:5)
  11 wind drakes
  20 blink frogs
  A blink frog (shapeshifter) (Snake:1)
  5 dream sheep
  4 hornets
  11 snapping turtles
  A snapping turtle (shapeshifter) (Depths:3)
  A slime creature (shapeshifter) (Elf:2)
  A culicivora (shapeshifter) (Vaults:5)
  42 slime creatures
  2 spriggans (Depths:4)
  A shadow (D:11)
  25 water elementals
  An ettin skeleton (Vaults:4)
  A vampire (D:13)
  Sigmund (D:2)
  5 wraiths
  A yak (shapeshifter) (Elf:2)
  9 air elementals
  68 yaks
  6 wyverns
  A fire elemental (Depths:3)
  20 humans (D:13)
  4 basilisks
  A human (shapeshifter) (Vaults:3)
  2 redbacks (Vaults:5)
  5 vampire mosquitoes (D:12)
  A fire bat (Snake:1)
  2 chaos spawn (Depths:2)
  A glowing shapeshifter zombie (Vaults:4)
  2 wargs
  4 acid dragons
  21 nagas
  A merfolk zombie (Crypt:1)
  28 water moccasins
  Duvessa (D:4)
  A floating eye (shapeshifter) (Depths:1)
  33 orc warriors
  4 ice beasts
  5 ogres
  A hog zombie (Crypt:1)
  27 wolves
  11 centaurs
  7 kobold brigands
  A phantom (D:4)
  A necrophage (Crypt:1)
  Blork the orc (D:5)
  A gnoll sergeant (D:9)
  7 bullfrogs
  6 earth elementals
  A naga simulacrum (Crypt:1)
  7 scorpions
  A human simulacrum (Vaults:4)
  An elf skeleton (Crypt:1)
  A water moccasin zombie (Crypt:1)
  7 wights
  Dowan (D:4)
  44 killer bees
  4 howler monkeys
  8 electric eels
  A lava snake (D:14)
  3 jellies
  20 orc priests
  2 hounds (D:5)
  28 orc wizards
  3 sleepcaps
  5 iguanas
  5 mummies (Crypt:1)
  8 gnolls
  10 adders
  A river rat (Lair:3)
  A shadow imp (D:7)
  A white imp (D:8)
  3 ufetubi
  6 worms
  76 orcs
  4 endoplasms
  2 giant cockroaches (D:3)
  11 goblins
  5 hobgoblins
  A jackal (Orc:2)
  28 kobolds
  2 quokkas
  3 training dummies (Shoals:2)
  3 ball pythons
  11 bats
  4 rats
  A tentacle (Shoals:2)
2137 creatures vanquished.

Vanquished Creatures (collateral kills)
  A dread lich (Zot:5)
  3 orbs of fire
  Vashnia (Snake:2)
  A doom hound (Depths:4)
  An electric golem (Zot:5)
  A hellephant (Zot:4)
  A storm dragon (Zot:5)
  A draconian monk (Zot:4)
  A deep elf sorcerer (Elf:3)
  A draconian scorcher (Zot:4)
  A draconian knight (Zot:3)
  A deep elf demonologist (Elf:3)
  A deep elf annihilator (Elf:2)
  A purple draconian (Zot:4)
  3 yellow draconians (Zot:4)
  2 red draconians (Zot:4)
  A minotaur (Zot:4)
  An ettin (Zot:4)
  A hydra (D:14)
  A jorogumo (Lair:5)
  A catoblepas (Lair:5)
  Urug (D:13)
  A deep elf knight (Elf:2)
  A skyshark (Lair:2)
  2 iron trolls (Depths:2)
  6 skeletal warriors
  A deep elf archer (Elf:2)
  An orc knight (Orc:2)
  A deep elf pyromancer (Elf:2)
  A deep elf zephyrmancer (Elf:3)
  2 moths of wrath (Zot:3)
  An iron dragon skeleton (Crypt:1)
  An orc sorcerer (Orc:2)
  A water nymph (Shoals:4)
  A water elemental (Elf:2)
  A naga (Snake:2)
  A bullfrog (Lair:2)
  A human zombie (Crypt:1)
  2 mummies (Crypt:1)
52 creatures vanquished.

Vanquished Creatures (others)
  An Orb Guardian (Zot:5)
  A draconian monk (Zot:2)
  A draconian knight (Zot:3)
  A frost giant (Depths:1)
  A ghost moth (Zot:4)
  A draconian stormcaller (Zot:2)
  A green draconian (Zot:2)
  3 deep elf knights
  A wizard (Orc:1)
  2 deep elf pyromancers (Elf:1)
  2 deep elf zephyrmancers
  A water elemental (Elf:1)
  A human (Depths:3)
  An acid dragon (Snake:1)
  2 orc wizards
  7 tentacles (Shoals:2)
27 creatures vanquished.

Grand Total: 2216 creatures vanquished

Notes
Turn   | Place    | Note
-------+----------+-------------------------------------------
     0 | D:1      | nocturnal the Demonspawn Gladiator began the quest for the
                  | Orb.
     0 | D:1      | Reached XP level 1. HP: 16/16 MP: 1/1
   874 | D:2      | Gained mutation: You have large cloven feet. [demonic
                  | ancestry]
   874 | D:2      | Reached XP level 2. HP: 19/22 MP: 2/2
  1292 | D:2      | Noticed Sigmund
  1304 | D:2      | Killed Sigmund
  1305 | D:2      | Reached XP level 3. HP: 29/29 MP: 3/3
  1305 | D:2      | Gained mutation: You regenerate a little health from kills.
                  | [demonic ancestry]
  1305 | D:2      | Reached XP level 4. HP: 35/35 MP: 4/4
  1305 | D:2      | Gained mutation: You are partially covered in large bone
                  | plates. (SH +4) [demonic ancestry]
  1305 | D:2      | Reached XP level 5. HP: 41/41 MP: 5/5
  1784 | D:3      | You fall into a shaft and drop 1 floor!
  1811 | D:4      | HP: 2/41 [poisoned by a scorpion]
  2642 | D:4      | Noticed Duvessa
  2644 | D:4      | Noticed Dowan
  2770 | D:4      | Reached XP level 6. HP: 47/47 MP: 6/6
  2820 | D:5      | Entered Level 5 of the Dungeon
  2877 | D:5      | Reached skill level 5 in Long Blades
  3267 | D:4      | HP: 1/48 [ogre/+0 giant spiked club (21)]
  3618 | D:4      | Gained mutation: You are mostly covered in large bone
                  | plates. (SH +6) [demonic ancestry]
  3618 | D:4      | Reached XP level 7. HP: 46/54 MP: 7/7
  3723 | D:4      | Killed Dowan
  4667 | D:5      | Noticed Blork the orc
  4721 | D:5      | Killed Blork the orc
  4722 | D:5      | Reached skill level 5 in Dodging
  4722 | D:5      | Gained mutation: You regenerate magic rapidly. [demonic
                  | ancestry]
  4722 | D:5      | Reached XP level 8. HP: 61/61 MP: 8/8
  5015 | D:5      | Reached skill level 5 in Fighting
  5857 | D:6      | Found a basalt altar of Yredelemnul.
  6142 | D:7      | Found a staircase to the Ecumenical Temple.
  6234 | Temple   | Entered the Ecumenical Temple
  6505 | Temple   | Became a worshipper of Nemelex Xobeh the Trickster
  6725 | D:7      | Reached skill level 1 in Invocations
  6780 | D:7      | Noticed Joseph
  6831 | D:7      | Killed Joseph
  6832 | D:7      | Gained mutation: You are completely covered in large bone
                  | plates. (SH +8) [demonic ancestry]
  6832 | D:7      | Reached XP level 9. HP: 34/69 MP: 8/10
  8560 | D:8      | Identified the +4 leather armour of Boredom {Dex+5}
  8622 | D:8      | Reached * piety under Nemelex Xobeh
  8792 | D:8      | Noticed Psyche
  8813 | D:8      | Killed Psyche
  8850 | D:8      | Noticed a troll
  9158 | D:8      | Reached skill level 5 in Invocations
  9378 | D:8      | Killed a troll
  9379 | D:8      | Gained mutation: You regenerate health from kills. [demonic
                  | ancestry]
  9379 | D:8      | Reached XP level 10. HP: 70/79 MP: 13/13
  9434 | D:8      | Reached skill level 5 in Throwing
  9613 | D:9      | Found a flagged portal.
  9754 | Bailey   | Entered a bailey
  9829 | Bailey   | Received a gift from Nemelex Xobeh
  9867 | Bailey   | Reached ** piety under Nemelex Xobeh
  9935 | Bailey   | Found a burning altar of Makhleb.
  9950 | Bailey   | Identified the +3 morningstar "Gimuar" {freeze, rElec}
 10130 | D:9      | Noticed Amaemon
 10131 | D:9      | Noticed an orange demon
 10179 | D:9      | Killed Amaemon
 10180 | D:9      | Reached skill level 1 in Armour
 10180 | D:9      | Reached skill level 1 in Stealth
 10194 | D:9      | Killed an orange demon
 10406 | D:9      | Received a gift from Nemelex Xobeh
 10479 | D:9      | Found a staircase to the Orcish Mines.
 10727 | D:9      | Noticed a two-headed ogre
 10741 | D:9      | Killed a two-headed ogre
 10742 | D:9      | Gained mutation: When hurt, damage is shared between your
                  | health and your magic reserves. [demonic ancestry]
 10742 | D:9      | Reached XP level 11. HP: 72/86 MP: 16/16
 11088 | D:4      | Killed Duvessa
 11498 | D:10     | Entered Level 10 of the Dungeon
 11557 | D:10     | Found Raxotu Cufi's Magic Scroll Shoppe.
 11582 | D:10     | Bought a scroll of identify for 30 gold pieces
 11582 | D:10     | Bought a scroll of identify for 30 gold pieces
 11582 | D:10     | Identified a scroll of acquirement
 11791 | D:10     | Noticed a two-headed ogre
 11801 | D:10     | Killed a two-headed ogre
 12204 | D:11     | Received a gift from Nemelex Xobeh
 12278 | D:11     | Reached *** piety under Nemelex Xobeh
 12390 | D:11     | Found Muschutap's Vocational Training.
 12490 | D:11     | Reached skill level 5 in Stealth
 12506 | D:11     | Noticed Harold
 12517 | D:11     | Killed Harold
 12667 | D:11     | Noticed a skeletal warrior
 12667 | D:11     | Noticed a skeletal warrior
 12667 | D:11     | Noticed a skeletal warrior
 12667 | D:11     | Noticed a skeletal warrior
 12667 | D:11     | Noticed a skeletal warrior
 12706 | D:10     | Killed a skeletal warrior
 12887 | D:12     | Noticed a red ugly thing
 12902 | D:12     | Killed a red ugly thing
 12935 | D:12     | Noticed a white ugly thing
 12965 | D:12     | Killed a white ugly thing
 12966 | D:12     | Found a hazy altar of Hepliaklqana.
 13008 | D:12     | Noticed a two-headed ogre
 13019 | D:12     | Killed a two-headed ogre
 13020 | D:12     | Reached skill level 10 in Long Blades
 13122 | D:12     | Noticed a deep elf pyromancer
 13138 | D:12     | Killed a deep elf pyromancer
 13245 | D:11     | Reached **** piety under Nemelex Xobeh
 13534 | D:12     | Gained mutation: You have hoof-like feet. [demonic
                  | ancestry]
 13534 | D:12     | Reached XP level 12. HP: 96/96 MP: 17/19
 13541 | D:12     | Acquired the amulet of Immorality {Reflect Will++ Dex-2
                  | SH+5}
 13565 | D:12     | Received a gift from Nemelex Xobeh
 13577 | D:12     | Noticed a two-headed ogre
 13588 | D:12     | Killed a two-headed ogre
 13599 | D:12     | Noticed a two-headed ogre
 13608 | D:12     | Killed a two-headed ogre
 13609 | D:12     | Reached skill level 10 in Invocations
 13766 | D:12     | Noticed a boulder beetle
 13771 | D:12     | Reached skill level 5 in Armour
 14083 | D:11     | Found a staircase to the Lair.
 14253 | D:11     | Reached skill level 10 in Fighting
 14362 | D:11     | Noticed a two-headed ogre
 14368 | D:11     | Killed a two-headed ogre
 14697 | Lair:1   | Entered Level 1 of the Lair of Beasts
 15166 | Lair:1   | Received a gift from Nemelex Xobeh
 15572 | Lair:2   | Found a transporter.
 15574 | Lair:2   | Noticed Jerry's ghost (journeyman VSFi)
 15592 | Lair:2   | Found a transporter.
 15756 | Lair:2   | Noticed a death yak
 15757 | Lair:2   | Noticed a death yak
 15770 | Lair:2   | Killed a death yak
 15779 | Lair:2   | Killed a death yak
 15833 | Lair:2   | Reached ***** piety under Nemelex Xobeh
 15839 | Lair:2   | Reached XP level 13. HP: 105/105 MP: 21/21
 16084 | Lair:2   | Found a staircase to the Shoals.
 16699 | Lair:3   | Noticed Gastronok
 16701 | Lair:3   | Received a gift from Nemelex Xobeh
 16746 | Lair:3   | Killed Gastronok
 16940 | Lair:3   | Found a staircase to the Snake Pit.
 17136 | Lair:3   | Noticed Sonja
 17171 | Lair:3   | Killed Sonja
 17421 | Lair:3   | Received a gift from Nemelex Xobeh
 18188 | Lair:4   | Received a gift from Nemelex Xobeh
 18728 | Lair:5   | Entered Level 5 of the Lair of Beasts
 18736 | Lair:5   | Reached skill level 1 in Evocations
 18829 | Lair:5   | Gained mutation: You regenerate a lot of health from kills.
                  | [demonic ancestry]
 18829 | Lair:5   | Reached XP level 14. HP: 104/116 MP: 15/23
 19207 | Lair:5   | Received a gift from Nemelex Xobeh
 19456 | Lair:5   | Found a viscous altar of Jiyva.
 19457 | Lair:5   | Found a staircase to the Slime Pits.
 19505 | Lair:5   | Received a gift from Nemelex Xobeh
 19546 | Lair:5   | Identified the -1 long sword of Annihilation {speed, Int+3}
 19972 | Lair:5   | a catoblepas changed into a storm dragon
 19972 | Lair:5   | Noticed a storm dragon
 20028 | Lair:5   | Killed a storm dragon
 20664 | Orc:1    | Entered Level 1 of the Orcish Mines
 20676 | Orc:1    | You fall into a shaft and drop 1 floor!
 20676 | Orc:2    | Entered Level 2 of the Orcish Mines
 20678 | Orc:2    | Found Tinof's Book Shop.
 20916 | Orc:1    | Found Wiykhurghi's Antique Weapon Shop.
 20939 | Orc:1    | Found a transporter.
 20947 | Orc:1    | Noticed a purple very ugly thing
 20980 | Orc:1    | Reached skill level 10 in Armour
 21072 | Orc:1    | Found a transporter.
 21121 | Orc:1    | Reached ****** piety under Nemelex Xobeh
 21121 | Orc:1    | Received a gift from Nemelex Xobeh
 21343 | Orc:1    | Noticed sand's ghost (journeyman HOFi)
 21344 | Orc:1    | Found a one-way gate to the infinite horrors of the Abyss.
 21576 | Orc:2    | Found a staircase to the Elven Halls.
 21680 | Orc:2    | Received a gift from Nemelex Xobeh
 21907 | Orc:2    | Received a gift from Nemelex Xobeh
 22068 | Orc:2    | Identified the +0 long sword "Orb Guardian's Peril"
                  | {freeze, rF- rCorr Int+3 Dex+2}
 22171 | Orc:2    | Found Houh's Distillery.
 22174 | Orc:2    | Found Tihit's Distillery.
 22181 | Orc:2    | Found Ufiekiuch's Distillery.
 22183 | Orc:2    | Found Feluwim's Antique Armour Shoppe.
 22436 | Orc:2    | Acquired the +2 pair of boots of Ukaroc {rElec rPois}
 22967 | D:12     | Reached XP level 15. HP: 67/125 MP: 14/24
 23085 | D:12     | Identified the +5 glaive "Wafaveal" {venom, rC+}
 23207 | D:12     | Received a gift from Nemelex Xobeh
 23474 | D:13     | Noticed Urug
 23483 | D:13     | Killed Urug
 23556 | D:13     | Received a gift from Nemelex Xobeh
 23564 | D:13     | Found a hide-covered altar of Uskayaw.
 24101 | D:13     | Found a gate to the Vaults.
 24520 | D:14     | Received a gift from Nemelex Xobeh
 24873 | D:14     | Reached skill level 15 in Fighting
 25521 | D:15     | Entered Level 15 of the Dungeon
 25639 | D:15     | Received a gift from Nemelex Xobeh
 26153 | D:15     | Found a staircase to the Depths.
 26367 | D:15     | Received a gift from Nemelex Xobeh
 26530 | D:15     | Reached XP level 16. HP: 137/138 MP: 25/25
 26963 | D:15     | Received a gift from Nemelex Xobeh
 27232 | Snake:1  | Entered Level 1 of the Snake Pit
 28274 | Snake:1  | Received a gift from Nemelex Xobeh
 28856 | Snake:2  | Noticed Vashnia
 29087 | Snake:2  | Received a gift from Nemelex Xobeh
 29176 | Snake:2  | Killed Vashnia
 30034 | Shoals:1 | Entered Level 1 of the Shoals
 30040 | Shoals:1 | Received a gift from Nemelex Xobeh
 30364 | D:11     | Bought a manual of Invocations for 1040 gold pieces
 30510 | Orc:2    | Bought a manual of Shields for 960 gold pieces
 30981 | Snake:3  | Reached skill level 1 in Shields
 31597 | Snake:3  | Received a gift from Nemelex Xobeh
 32081 | Shoals:1 | Gained mutation: When low on magic, you restore magic in
                  | place of health. [demonic ancestry]
 32081 | Shoals:1 | Reached XP level 17. HP: 147/147 MP: 26/26
 32569 | Shoals:1 | Received a gift from Nemelex Xobeh
 33164 | Orc:2    | Bought 2 potions of heal wounds for 120 gold pieces
 33164 | Orc:2    | Bought a potion of haste for 120 gold pieces
 33164 | Orc:2    | Bought a potion of heal wounds for 60 gold pieces
 33379 | Snake:1  | Reached skill level 5 in Shields
 33379 | Snake:1  | Reached XP level 18. HP: 155/155 MP: 28/28
 33469 | Snake:4  | Entered Level 4 of the Snake Pit
 34384 | Snake:4  | Noticed Nikola
 34389 | Snake:4  | Killed Nikola
 34390 | Snake:4  | Reached skill level 15 in Invocations
 35345 | Snake:4  | Received a gift from Nemelex Xobeh
 35805 | Snake:4  | Reached skill level 10 in Dodging
 36008 | Snake:4  | Got a serpentine rune of Zot
 36621 | Orc:1    | Killed sand's ghost
 36874 | Lair:2   | Killed Jerry's ghost
 36879 | Lair:2   | Identified the ring "Avaqen" {rPois rN+ AC+4 Int+3}
 38446 | Elf:1    | Entered Level 1 of the Elven Halls
 38534 | Elf:1    | Noticed Jorgrun
 38563 | Elf:1    | Killed Jorgrun
 38614 | Elf:1    | Gained mutation: You have hooves in place of feet. [demonic
                  | ancestry]
 38614 | Elf:1    | Reached XP level 19. HP: 144/164 MP: 31/31
 38740 | Elf:1    | Identified the +11 arbalest of Terra Nullius {elec, Fly
                  | rPois rC- Int+3 Stlth+}
 38898 | Elf:1    | Paralysed by an air elemental for 1 turns
 38912 | Elf:1    | Reached skill level 10 in Shields
 38969 | Elf:1    | Received a gift from Nemelex Xobeh
 39018 | Elf:1    | Paralysed by an air elemental for 1 turns
 39164 | Elf:1    | Got the Textbook on the Shot
 39411 | Elf:1    | Paralysed by an air elemental for 1 turns
 39413 | Elf:1    | Paralysed by an air elemental for 1 turns
 39419 | Elf:1    | Paralysed by an air elemental for 1 turns
 39731 | Elf:1    | Got Big Cod's Discourse on the Shot
 40093 | Elf:2    | Found a runed translucent gate.
 40100 | Elf:2    | Found a runed translucent gate.
 40100 | Elf:2    | Found a runed translucent gate.
 40102 | Elf:2    | Received a gift from Nemelex Xobeh
 41320 | Elf:2    | Received a gift from Nemelex Xobeh
 41831 | Elf:3    | Entered Level 3 of the Elven Halls
 41833 | Elf:3    | Found Digraret's Antique Armour Shoppe.
 42211 | Elf:3    | Found Xeded's Jewellery Shop.
 42719 | Elf:3    | Found Piahiste's Jewellery Shoppe.
 42825 | Elf:3    | Found Xaifuq's General Store.
 42966 | Elf:3    | Identified the amulet "Ceaby" {Faith Str+3}
 42987 | Elf:3    | Identified the +11 battleaxe of Termination {spect, rF+
                  | Will- Str+2 Dex+2}
 43065 | Elf:3    | Identified the +9 broad axe of the Changing Badger {elec,
                  | *Slow rN++}
 44237 | Elf:3    | Gained mutation: Your magical and physical power is
                  | slightly enhanced at high health. [demonic ancestry]
 44237 | Elf:3    | Reached XP level 20. HP: 140/174 MP: 30/34
 44347 | Elf:3    | Identified the +5 falchion of the Rat {distort, *Rage Fly
                  | rC+ Str+6}
 44436 | Elf:3    | Identified the amulet "Cucada" {Faith rPois}
 44487 | Elf:3    | Identified the staff of air "Toalof" {rElec rCorr SInv}
 44548 | Elf:3    | Got Jiafymug's Incunabulum of Unified Electricity
 45004 | D:11     | Bought a manual of Evocations for 1040 gold pieces
 45389 | Shoals:2 | Received a gift from Nemelex Xobeh
 45643 | Shoals:2 | Identified the +9 war axe of Fortitude {holy, rC++}
 45650 | Shoals:2 | Found Lonkog's Firing Range.
 46063 | Shoals:3 | Reached skill level 5 in Evocations
 46075 | Shoals:3 | Found a transporter.
 46091 | Shoals:3 | Found a transporter.
 46131 | Shoals:3 | Identified the +11 chain mail "Urio" {Harm rElec Str-2
                  | Stlth-}
 46244 | Shoals:3 | Received a gift from Nemelex Xobeh
 46538 | Shoals:4 | Entered Level 4 of the Shoals
 46753 | Shoals:4 | Paralysed by an air elemental for 1 turns
 46901 | Shoals:4 | Paralysed by an air elemental for 1 turns
 46999 | Shoals:4 | Found a blossoming altar of Fedhas.
 47070 | Shoals:4 | Received a gift from Nemelex Xobeh
 47161 | Shoals:4 | Identified the +1 great sword of Goes {pain, *Slow Dex+5
                  | SInv}
 47161 | Shoals:4 | Identified the +1 steam dragon scales of Mumblety Peg {rC-
                  | Dex+8}
 47217 | Shoals:4 | Noticed Donald
 47229 | Shoals:4 | Killed Donald
 47265 | Shoals:4 | Got the Incunabulum of Transformation and the Salamander
 47274 | Shoals:4 | Got a barnacled rune of Zot
 47275 | Shoals:4 | Identified the +1 glaive "Mieggi" {flame, rCorr Str-2
                  | Dex+2}
 47443 | Shoals:4 | Paralysed by an air elemental for 1 turns
 47531 | Shoals:4 | Paralysed by an air elemental for 1 turns
 48030 | Vaults:1 | Entered Level 1 of the Vaults
 48030 | Vaults:1 | Found Behuxt's Jewellery Shoppe.
 48547 | Vaults:1 | Received a gift from Nemelex Xobeh
 48678 | Vaults:1 | Noticed a dread lich
 48697 | Vaults:1 | Killed a dread lich
 48761 | Vaults:1 | Reached XP level 21. HP: 172/183 MP: 32/35
 48881 | Vaults:1 | Found Jonimp's Assorted Antiques.
 49064 | Vaults:1 | Received a gift from Nemelex Xobeh
 49349 | Vaults:1 | Found Baegu's Distillery.
 49570 | Vaults:1 | Found Cibilyuf's Antique Armour Shop.
 49790 | Vaults:1 | Found a transporter.
 49806 | Vaults:1 | Noticed Kipt's ghost (adept SpFE)
 49813 | Vaults:1 | Found a transporter.
 49840 | Vaults:1 | Noticed Moagi's ghost (adept GnSk)
 49943 | Vaults:2 | Reached skill level 10 in Evocations
 50250 | Vaults:2 | Reached skill level 10 in Throwing
 50275 | Vaults:2 | Received a gift from Nemelex Xobeh
 50509 | Vaults:2 | Received a gift from Nemelex Xobeh
 50910 | Vaults:2 | Received a gift from Nemelex Xobeh
 51262 | Vaults:3 | Identified the +9 whip of Hemysidov {spect, Str+2}
 51364 | Vaults:3 | Identified the staff of conjuration "Acasuts" {Str+5}
 51373 | Vaults:3 | Identified the +7 hand axe "Xecehin" {freeze, rPois Dex+2
                  | Stlth+}
 51941 | Vaults:3 | Received a gift from Nemelex Xobeh
 51994 | Vaults:3 | Found a staircase to the Crypt.
 52247 | Vaults:3 | Identified the +1 war axe of Faitid {freeze, rPois rN+}
 52733 | Vaults:4 | Received a gift from Nemelex Xobeh
 52820 | Vaults:4 | Reached XP level 22. HP: 190/190 MP: 32/36
 52948 | Vaults:4 | Found Kegesedd's Jewellery Shop.
 53278 | Vaults:4 | Received a gift from Nemelex Xobeh
 53493 | Vaults:4 | Identified the +1 hand axe of the Sandy God {spect,
                  | *Corrode rElec rN+ Int+3}
 54000 | Depths:1 | Entered Level 1 of the Depths
 54000 | Depths:1 | Noticed a caustic shrike
 54000 | Depths:1 | Noticed a caustic shrike
 54000 | Depths:1 | Noticed a caustic shrike
 54000 | Depths:1 | Noticed a caustic shrike
 54000 | Depths:1 | Noticed a caustic shrike
 54001 | Depths:1 | Killed a caustic shrike
 54001 | Depths:1 | Killed a caustic shrike
 54001 | Depths:1 | Killed a caustic shrike
 54001 | Depths:1 | Killed a caustic shrike
 54008 | Depths:1 | Killed a caustic shrike
 54289 | Vaults:1 | Bought a distressingly furry buckler for 247 gold pieces
 54289 | Vaults:1 | Identified the -1 buckler of True Grit {Str-2 Int+2 SInv}
                  | (You bought it in a shop on level 1 of the Vaults)
 54301 | Vaults:1 | Bought a pair of embroidered gloves for 195 gold pieces
 55068 | Depths:1 | Reached skill level 15 in Armour
 55270 | Depths:1 | Reached skill level 15 in Dodging
 55391 | Depths:1 | Found a gateway to Hell.
 55542 | Depths:2 | Received a gift from Nemelex Xobeh
 55681 | Depths:2 | Found a one-way gate leading to the halls of Pandemonium.
 55731 | Depths:2 | Received a gift from Nemelex Xobeh
 55866 | Depths:2 | Learned a level 2 spell: Passwall
 55906 | Depths:2 | Reached skill level 1 in Earth Magic
 56198 | Depths:2 | Reached XP level 23. HP: 200/200 MP: 32/37
 56482 | Depths:2 | Found a shimmering altar of Xom.
 57053 | Depths:3 | Found a one-way gateway to a ziggurat.
 57259 | Depths:3 | Received a gift from Nemelex Xobeh
 57481 | Depths:3 | Found a runed door.
 57672 | Depths:3 | Identified the ring "Fuhaac" {rN+ Str+2 Dex+5}
 57674 | Depths:3 | Noticed a dread lich
 57691 | Depths:3 | Killed a dread lich
 57692 | Depths:3 | Reached skill level 5 in Earth Magic
 57698 | Depths:3 | Identified the +1 great sword "Demonspawn's Doom" {freeze,
                  | *Noise rF+ rN+ Dex+6}
 57718 | Depths:3 | Got the Discursus on Polar Guile
 57719 | Depths:3 | Identified the ring of Zame {rElec rC+ Int-5 Stlth+}
 57720 | Depths:3 | Identified the ring "Ysosmuc" {+Blink rElec rF+ rC+}
 57727 | Depths:3 | Got the Anthology of the Fairies
 58984 | Depths:4 | Entered Level 4 of the Depths
 58984 | Depths:4 | Noticed Saint Roka
 59010 | Depths:4 | Killed Saint Roka
 59090 | Depths:4 | Found a hazy altar of Hepliaklqana.
 59133 | Depths:4 | Noticed a caustic shrike
 59141 | Depths:4 | Noticed a caustic shrike
 59142 | Depths:4 | Noticed a caustic shrike
 59153 | Depths:4 | Killed a caustic shrike
 59163 | Depths:4 | Received a gift from Nemelex Xobeh
 59205 | Depths:4 | Noticed a caustic shrike
 59410 | Depths:4 | Killed a caustic shrike
 59414 | Depths:4 | Killed a caustic shrike
 59417 | Depths:4 | Killed a caustic shrike
 59591 | Depths:4 | Noticed Grunn
 59754 | Depths:4 | Received a gift from Nemelex Xobeh
 59838 | Depths:4 | Found a gate to the Realm of Zot.
 60118 | Depths:4 | Killed Grunn
 60776 | Crypt:1  | Entered Level 1 of the Crypt
 61576 | Crypt:1  | Received a gift from Nemelex Xobeh
 62160 | Crypt:1  | Received a gift from Nemelex Xobeh
 62601 | Orc:2    | Bought pearl dragon scales for 3200 gold pieces
 63061 | Vaults:5 | Entered Level 5 of the Vaults
 63134 | Vaults:5 | Noticed an ancient lich
 63142 | Vaults:5 | Reached XP level 24. HP: 210/210 MP: 33/37
 63148 | Vaults:5 | Killed an ancient lich
 63309 | Vaults:5 | Identified the +1 sling "Locvan" {drain, rC- rCorr Int+3}
 63346 | Vaults:5 | Got a silver rune of Zot
 63804 | Vaults:5 | Got the Compilation of Aeromancy and the Inferno
 64136 | Vaults:5 | Received a gift from Nemelex Xobeh
 64150 | Vaults:5 | Identified the +6 glaive "Vuuvin" {freeze, rF+ Int+3}
 64197 | Vaults:5 | Noticed a dread lich
 64208 | Vaults:5 | Identified the +7 long sword of the Wolf {flame, rC+}
 64623 | Vaults:5 | Killed a dread lich
 64717 | Vaults:5 | Identified the staff of poison "Quusmain" {rPois Int+3}
 64731 | Vaults:5 | Identified the +11 battleaxe of Ukkiger {protect, rPois
                  | rF+++ Str-3 Dex+3}
 65407 | Zot:1    | Entered Level 1 of the Realm of Zot
 65499 | Zot:1    | Received a gift from Nemelex Xobeh
 65737 | Zot:1    | Noticed a Killer Klown
 66024 | Zot:1    | Noticed a Killer Klown
 66066 | Zot:1    | Killed a Killer Klown
 66186 | Zot:1    | Identified the ring of the Mauling Queen {Contam rPois
                  | Will++ rCorr SInv}
 66271 | Zot:1    | Gained mutation: Your magical and physical power is
                  | enhanced at high health. [demonic ancestry]
 66271 | Zot:1    | Reached XP level 25. HP: 217/217 MP: 37/37
 66659 | Zot:1    | Killed a Killer Klown
 67244 | Zot:2    | Reached skill level 15 in Throwing
 67801 | Zot:2    | Received a gift from Nemelex Xobeh
 67918 | Zot:2    | You fall into a shaft and drop 2 floors!
 68047 | Zot:3    | Noticed an orb of fire
 68058 | Zot:3    | Killed an orb of fire
 69953 | Zot:3    | Received a gift from Nemelex Xobeh
 70141 | Zot:4    | Noticed an orb of fire
 70144 | Zot:4    | Identified the -1 long sword of Inconvenience {venom, Int-3
                  | Dex+7}
 70150 | Zot:4    | Killed an orb of fire
 70163 | Zot:4    | Gained mutation: Your magical and physical power is greatly
                  | enhanced at high health. [demonic ancestry]
 70163 | Zot:4    | Reached XP level 26. HP: 210/226 MP: 33/38
 70733 | Zot:4    | Received a gift from Nemelex Xobeh
 71087 | Zot:5    | Entered Level 5 of the Realm of Zot
 71395 | Zot:5    | Received a gift from Nemelex Xobeh
 71744 | Zot:5    | Noticed a dread lich
 71773 | Zot:5    | Killed a dread lich
 71946 | Zot:5    | Noticed an ancient lich
 71957 | Zot:5    | Killed an ancient lich
 72044 | Zot:5    | Noticed a dread lich
 72076 | Zot:5    | Killed a dread lich
 72309 | Zot:5    | Noticed an orb of fire
 72316 | Zot:5    | Killed an orb of fire
 72324 | Zot:5    | Noticed a dread lich
 72357 | Zot:5    | Killed a dread lich
 72623 | Zot:5    | Noticed an orb of fire
 72629 | Zot:5    | Noticed an orb of fire
 72634 | Zot:5    | Gained mutation: You are dopey. (Int -2) [an orb of fire]
 72637 | Zot:5    | Killed an orb of fire
 72637 | Zot:5    | Killed an orb of fire
 72638 | Zot:5    | Noticed a dread lich
 72643 | Zot:5    | Killed a dread lich
 72790 | Zot:5    | Got the Orb of Zot
 72816 | Zot:5    | Noticed Wawe the pandemonium lord
 72852 | Zot:5    | HP: 6/229 [tentacled monstrosity[a shadow demon] (7)]
 72852 | Zot:5    | Constricted to death by a tentacled monstrosity

Illustrated notes

Levels and vault maps discovered:
D:1:      minmay_arrival_three_doors, layout_loops_ring, minmay_misc_feat_tiny
D:2:      layout_loops_ring, uniq_sigmund
D:3:      layout_loops_cross
D:4:      layout_rooms, serial_rivers, chequers_serial_rivers_room_a,
          chequers_serial_rivers_small_3, chequers_serial_rivers_room_b,
          chequers_serial_rivers_small_b, chequers_serial_rivers_small_b,
          chequers_serial_rivers_large_a, uniq_duvessa
D:5:      old_forge, layout_cave_pools, kennysheep_pointless_box,
          uniq_blork_the_orc
D:6:      layout_gridville, yredelemnul_altar_generic, serial_bayou,
          serial_bayou_lagoon_b, serial_bayou_lake_a, serial_bayou_pond_c,
          serial_bayou_pond_c, serial_bayou_lagoon_a, serial_bayou_pond_e,
          serial_bayou_pond_b
D:7:      layout_basic, minmay_temple_entry_ruins, uniq_joseph
D:8:      layout_basic, hangedman_abyss_or_decor_lesser_grid, uniq_psyche
D:9:      layout_basic, orc_0_dummy, enter_bailey_5, minmay_variable_closet,
          uniq_amaemon
D:10:     layout_basic, serial_shops, kennysheep_mini,
          chequers_serial_rivers_micro_d, hive_lemuel
D:11:     layout_stronghold, minmay_lair_entry_grove, minmay_misc_feat_cross,
          nicolae_shop_vocational, uniq_harold
D:12:     minmay_the_grid_octo_triangle [minmay_the_grid_octo_clover_2,
          minmay_the_grid_octo_prize_square_snowflake,
          minmay_the_grid_octo_vomiting_pacman], layout_irregular_city,
          gauntlet_entry_generic
D:13:     layout_irregular_city, grunt_vaults_entry_tiered,
          nicolae_uskayaw_en_pointe, uniq_urug
D:14:     layout_roguey, minmay_misc_feat_rows, kennysheep_opposing_triangles
D:15:     gammafunk_depths_entry_grave, layout_grid_maze, chequers_avenue
Temple:   nicolae_temple_the_god_donut
Lair:1:   layout_roguey
Lair:2:   layout_loops_ring, elwin_shoals_entry_rocks,
          gammafunk_ghost_berserking_beasts
Lair:3:   regret_index_harrowing_hell_hive, layout_regular_city,
          minmay_snake_entry_six_corridors, uniq_sonja, uniq_gastronok
Lair:4:   minmay_lair_oklob_tunnel, layout_gridlike, grunt_megastairs_4,
          serial_bayou_shore_a
Lair:5:   evilmike_catoblepas_cave, layout_cave_shapes, slime_entry_1
Shoals:1: layout_shoals, nicolae_shoals_beach_house_on_fowls_legs
Shoals:2: layout_shoals, nicolae_shop_firing_range
Shoals:3: gammafunk_sealed_arena, layout_shoals
Shoals:4: shoals_end_hellmonk_storm_palace [storm_palace_center_ruins,
          storm_palace_corner_narrow, storm_palace_corner_narrow,
          storm_palace_corner_narrow, storm_palace_corner_altar], uniq_donald
Snake:1:  layout_onion_interference, nicolae_snake_mages_go_home
Snake:2:  layout_onion_interference, grunt_ministairs_8, uniq_vashnia
Snake:3:  layout_basic, grunt_megastairs_1
Snake:4:  snake_pit_salamanders_mu, layout_cave_town, serial_bayou_shore_b,
          uniq_nikola
Orc:1:    layout_caves, serial_shops, shop, gammafunk_ghost_abyssal_escape,
          kennysheep_orc_chapel
Orc:2:    st_orc_elflike, layout_diamond_mine, serial_shops,
          nicolae_shop_hallway_plus, mines_bat_river
Elf:1:    layout_loops_ring, minmay_elf_sorcery, minmay_elf_annihilation,
          uniq_jorgrun
Elf:2:    elven_hall_of_blades_hangedman_original [nicolae_blade_lattice],
          layout_gridlike
Elf:3:    minmay_elf_hall_not_hex, layout_gridlike, serial_shops,
          nicolae_shop_gaudy_bauble, shop, shop, nicolae_shop_behind_doors
Vaults:1: nzn_ghost_randoct, v_misc_9, nicolae_vaults_storage_closets_1,
          nicolae_vaults_triangles, v_alt_pattern_5, nicolae_vaults_mitosis,
          nicolae_vaults_shipping_containers_4, v_misc_29, vaults_dpeg_ring,
          hangedman_vaults_corner_blocks, layout_vaults_chaotic_city,
          serial_shops, nicolae_shop_statue_plus, shop, shop,
          nicolae_shop_behind_doors
Vaults:2: v_misc_22, vaults_mumra_lcd, nicolae_vaults_puzzle_piece,
          nicolae_vaults_house_2, nicolae_vaults_diagonal_hallway_7,
          nicolae_vaults_trapezoid_lopsided_4, nicolae_vaults_diamond_1,
          hangedman_vaults_impose, layout_vaults_omnigrid
Vaults:3: nicolae_vaults_twisting_passages, nicolae_vaults_trapezoid_4,
          nicolae_vaults_what_the_h, minmay_crypt_entry_simple_corners,
          nicolae_vaults_big_ls, nicolae_vaults_storing_the_good_stuff,
          ontoclasm_vaults_tryst, hangedman_vaults_pinch, vaults_mumra_hexcomb,
          nicolae_vaults_little_squares_1, v_rooms_6,
          nicolae_vaults_ring_of_whatevers, nicolae_vaults_double_plus_2,
          layout_vaults_omnibox
Vaults:4: nicolae_vaults_meiosis, nicolae_vaults_surprise_closet,
          hangedman_vaults_locks, nicolae_vaults_alarming,
          vaults_room_large_hall, v_pattern_2,
          vaults_standard_mumra_enter_the_diamond, nicolae_vaults_tetromino_Z_1,
          nicolae_vaults_variable_pillar_hall, layout_vaults_omnicross,
          serial_shops, shop
Vaults:5
Crypt:1:  layout_regular_city, grunt_crypt_arrival_guarded_gate
Depths:1: layout_roguey, minmay_crystal_room, hell_entry,
          fake_guardian_serpent_vault, grunt_megastairs_5
Depths:2: nicolae_hexawheel, layout_small_grid, rand_demon_pan_entry_3,
          hangedman_geh_valley, xom_teletrap_fun
Depths:3: evilmike_wizard_prison, layout_basic, enter_ziggurat_f,
          abyss_entry_small_statue_room, hell_entry, kennysheep_cluttered_room,
          infiniplex_staircase_pool_2
Depths:4: evilmike_zot_entry_round, layout_honeycomb,
          serial_sigils_hangedman_stare, hell_entry, hangedman_decor_points,
          lemuel_statue_altar, corner_web_ring, uniq_grunn, uniq_saint_roka
Zot:1:    hangedman_zot_vaults_quadrants, layout_cathedral_of_symmetry
Zot:2:    layout_basic, grunt_megastairs_2
Zot:3:    grunt_zot_stairs_mandelzot, layout_gridlike,
          hangedman_zot_wheel_spokes
Zot:4:    layout_gridlike
Zot:5:    layout_gridlike

Skill      XL: |  1  2  3  4  5  6  7  8  9 10 11 12 13 14 15 16 17 18 19 20 21 22 23 24 25 26 |
---------------+-------------------------------------------------------------------------------+-----
Long Blades    | 3 4 5 6 7 8 9 10 11 12 13 14 | 14.0
Fighting       | 3 4 5 7 8 9 10 12 13 15 17 18 19 20 21 22 23 | 23.5
Dodging        | 3 4 5 6 7 8 9 10 12 13 14 15 16 17 19 20 | 20.0
Throwing       | 2 3 4 6 7 9 11 12 13 14 15 16 | 16.0
Invocations    | 2 5 7 9 11 12 14 17 20 21 22 23 | 23.8
Armour         | 2 4 6 8 10 12 14 15 16 17 19 20 | 20.0
Stealth        | 3 6 8 9 |  9.0
Evocations     | 2 4 8 12 14 | 14.0
Shields        | 3 5 9 12 13 14 | 14.0
Earth Magic    | 2 6 |  6.6

Action                     |  1- 3 |  4- 6 |  7- 9 | 10-12 | 13-15 | 16-18 | 19-21 | 22-24 | 25-27 || total
---------------------------+-------+-------+-------+-------+-------+-------+-------+-------+-------++-------
  Melee: Dagger            |    82 |   150 |   557 |    11 |       |       |       |       |       ||   800
         Kick              |     3 |       |       |       |       |       |  1009 |  1225 |   647 ||  2884
         Punch             |     1 |     1 |     8 |    15 |    27 |    11 |       |       |       ||    63
         Scimitar          |       |       |       |   768 |  1823 |  1707 |   786 |       |       ||  5084
         Demon blade       |       |       |       |       |       |       |  1412 |  2217 |  1084 ||  4713
  Throw: Throwing net      |     3 |     3 |     1 |       |       |       |       |       |       ||     7
         Dart              |     2 |    12 |    20 |       |     4 |       |       |       |       ||    38
         Javelin           |       |     1 |     5 |     5 |    18 |       |    17 |     4 |    77 ||   127
         Boomerang         |       |       |     2 |     9 |     3 |     3 |    39 |       |    10 ||    66
 Invoke: Draw Destruction  |       |       |       |     6 |    58 |    27 |    12 |     8 |     7 ||   118
         Draw Summoning    |       |       |       |       |    13 |     3 |     4 |     5 |     5 ||    30
         Deal Four         |       |       |       |       |     3 |     3 |     2 |     5 |     6 ||    19
         Stack Five        |       |       |       |       |     1 |       |       |       |       ||     1
         Draw Escape       |       |       |       |       |     1 |       |       |       |       ||     1
         Triple Draw       |       |       |       |       |       |     1 |       |     1 |       ||     2
         Draw Stack        |       |       |       |       |       |       |       |       |     1 ||     1
  Evoke: Wand              |       |     2 |    21 |       |     5 |    13 |     1 |     1 |     2 ||    45
         Lightning rod     |       |       |       |       |       |     1 |       |       |       ||     1
    Use: Potion            |     2 |     4 |     2 |       |     2 |     5 |     6 |     1 |    10 ||    32
         Scroll            |       |     7 |     9 |     7 |     6 |     7 |     4 |    23 |     6 ||    69
   Stab: Held in net/web   |     1 |       |       |       |       |       |       |       |       ||     1
         Sleeping          |       |       |     1 |     4 |     2 |     3 |    10 |    14 |     4 ||    38
         Distracted        |       |       |       |       |     3 |     4 |     4 |     5 |     3 ||    19
         Petrified         |       |       |       |       |       |       |       |     6 |       ||     6
         Petrifying        |       |       |       |       |       |       |       |     2 |       ||     2
         Confused          |       |       |       |       |       |       |       |       |     1 ||     1
 Armour: Leather armour    |    25 |     6 |   121 |    58 |       |       |       |       |       ||   210
         Ring mail         |     9 |    36 |       |       |       |       |       |       |       ||    45
         Scale mail        |       |       |       |   158 |   415 |   394 |   369 |   135 |       ||  1471
         Shadow dragon sca |       |       |       |       |       |       |       |    79 |       ||    79
         Chain mail        |       |       |       |       |       |       |       |    66 |       ||    66
         Plate armour      |       |       |       |       |       |       |       |    37 |       ||    37
         Pearl dragon scal |       |       |       |       |       |       |       |   213 |   378 ||   591
  Dodge: Dodged            |    58 |    68 |   292 |   532 |   979 |   879 |   772 |   832 |   400 ||  4812
  Block: Other             |       |    15 |   151 |   430 |  1097 |   517 |       |     1 |       ||  2211
         Reflection        |       |       |       |       |    16 |    96 |   124 |    56 |    10 ||   302
         Buckler           |       |       |       |       |       |   757 |  1613 |   164 |       ||  2534
         Kite shield       |       |       |       |       |       |       |       |  2178 |  1149 ||  3327
